 Dungeon Crawl Stone Soup version 0.32-a0-607-g64ea0e4219 (webtiles) character file.

Game seed: 11924650218772093762

100 cforsyth the Grave Robber (level 4, 0/57 HPs)
             Began as a Mountain Dwarf Necromancer on Mar 3, 2024.
             Incinerated by a bombardier beetle (5 damage)
             ... with a burning spray
             ... on level 3 of the Dungeon on Mar 4, 2024.
             The game lasted 00:02:20 (1643 turns).

cforsyth the Grave Robber (MDNe)                    Turns: 1643, Time: 00:02:21

Health: 0/57       AC: 22    Str: 13    XL:     4   Next: 46%
Magic:  4/6        EV:  2    Int: 15    God:
Gold:   133        SH:  0    Dex: 16    Spells: 5/6 levels left

rFire   . . .        j - +1 hand axe (heavy)
rCold   . . .        (no shield)
rNeg    . . .        a - melded +0 robe
rPois   +            (helmet currently unavailable)
rElec   .            (cloak currently unavailable)
rCorr   .            (gloves currently unavailable)
SInv    .            (boots currently unavailable)
Will    .....        f - amulet of magic regeneration
Stlth   +            D - +6 ring of dexterity
HPRegen 0.29/turn    (no ring)
MPRegen 0.50/turn

%: no passive effects
@: brilliant, on fire, tree-form, attractive, glowing
A: stationary, stasis, torment immunity, boosted hp, runic magic, artefact
enchanting
a: no special abilities


You were on level 3 of the Dungeon.
You were a tree.
You visited 1 branch of the dungeon, and saw 3 of its levels.

You collected 133 gold pieces.


Innate Abilities, Weirdness & Mutations

You are a tree.
Your roots penetrate the ground, keeping you stationary.
You cannot be teleported.
You are immune to unholy pain and torment.
Your maximum health is greatly increased.
Your equipment is partially melded.
Your spellcasting is much less encumbered by armour.
You can use scrolls of enchantment on lesser artefacts.


   Skills:
 + Level 3.1 Fighting
 - Level 1.3 Dodging
 - Level 1.4 Stealth
 - Level 1.7 Spellcasting
 + Level 5.5 Necromancy


You had 5 spell levels left.
You knew the following spells:

 Your Spells              Type           Power      Damage    Failure   Level
X - Necrotise             Necr           100%       1d9       2%          1

Your spell library contained the following spells:

 Spells                   Type           Power      Damage    Failure   Level
 Vampiric Draining        Necr           27%        2d7       7%          3
 Sting                    Conj/Alch      4%         1d3       22%         1
 Animate Dead             Necr           27%        N/A       22%         4
 Mercury Vapours          Alch/Air       2%         N/A       34%         2
 Curse of Agony           Necr           27%        N/A       54%         5
 Olgreb's Toxic Radiance  Alch           1%         N/A       92%         4

Inventory:

Hand Weapons
 j - a +1 heavy hand axe (weapon)
Armour
 a - a +0 robe (melded)
Jewellery
 f - an amulet of magic regeneration (around neck)
 C - a ring of ice
 D - a +6 ring of dexterity (left branch)
Scrolls
 c - a scroll of fear {unknown}
 h - 2 scrolls of identify {unknown}
 k - a scroll of enchant armour {unknown}
 l - a scroll of vulnerability {unknown}
 m - a scroll of amnesia {unknown}
 n - a scroll of blinking {unknown}
Potions
 b - a potion of magic
 d - a potion of lignification

Dungeon Overview and Level Annotations

Branches:
Dungeon (3/15)

Altars:
Dithmenos
Elyvilon
Nemelex Xobeh

........#.......#...
........#.......#...
........#........... ...
........#†.......... ..##
........#..........#....#
...................#....#
........##.#.#####.#....#
##########.#.#####......##
# #.#....♣)........ ###
#.#######......# .. ...
#.......... #### ...
#.......### .... ...
....!....# .###
##.##............ ...#
#..........### ....
#..........# ...>
............


There were no monsters in sight!


Message History

* * * LOW HITPOINT WARNING * * *
Your Fighting skill increases to level 3!
You are too injured to fight recklessly!
You are too injured to fight recklessly!
You are too injured to fight recklessly!
Unknown command.
You hit the orc.
You kill the orc!
The liquid fire burns you!
* * * LOW HITPOINT WARNING * * *
Unknown command.
It was a potion of lignification.
You turn into a tree.
Your +0 robe melds into your body.
Your roots penetrate the ground.
The liquid fire burns you!
* * * LOW HITPOINT WARNING * * *
Unknown command.
The liquid fire burns you!
* * * LOW HITPOINT WARNING * * *
It was a potion of curing.
You feel better. The liquid fire burns you!
* * * LOW HITPOINT WARNING * * *
It was a potion of brilliance.
You feel clever all of a sudden. The liquid fire burns you!
* * * LOW HITPOINT WARNING * * *
Unknown command.
It was a potion of attraction.
You feel attractive to monsters. The liquid fire burns you!
You die...

Skill      XL: |  1  2  3  4 |
---------------+-------------+-----
Fighting       | 1 2 3 |  3.1
Necromancy     | 5 |  5.5
Dodging        | |  1.3
Stealth        | |  1.4
Spellcasting   | |  1.7

Action                     |  1- 3 |  4- 6 || total
---------------------------+-------+-------++-------
  Melee: Unarmed           |    16 |       ||    16
         Hand axe          |     2 |     1 ||     3
   Cast: Necrotise         |    71 |    11 ||    82
    Use: Potion            |       |     4 ||     4
 Armour: Robe              |    27 |     8 ||    35
  Dodge: Dodged            |    11 |     5 ||    16

Levels and vault maps discovered:
D:1:      minmay_arrival_nine_rooms, layout_basic
D:2:      layout_rooms, shapermc_ecumenical_altar_totnotflames
D:3:      layout_basic, lemuel_blue_sif_altar,
          gammafunk_temple_overflow_forgotten, uniq_terence

Notes
Turn   | Place    | Note
-------+----------+-------------------------------------------
     0 | D:1      | cforsyth the Mountain Dwarf Necromancer began the quest for
                  | the Orb.
     0 | D:1      | Reached XP level 1. HP: 14/14 MP: 3/3
   128 | D:1      | Reached skill level 1 in Fighting
   186 | D:1      | Reached XP level 2. HP: 23/23 MP: 0/4
  1007 | D:2      | Reached skill level 2 in Fighting
  1007 | D:2      | Reached skill level 5 in Necromancy
  1007 | D:2      | Reached XP level 3. HP: 29/29 MP: 3/5
  1185 | D:2      | Found a faded altar of an unknown god.
  1535 | D:3      | Found a white marble altar of Elyvilon.
  1535 | D:3      | Found a sparkling altar of Nemelex Xobeh.
  1540 | D:3      | Found a shadowy altar of Dithmenos.
  1603 | D:3      | Reached XP level 4. HP: 37/37 MP: 1/6
  1638 | D:3      | Reached skill level 3 in Fighting
  1642 | D:3      | HP: 5/57 [burnt (5)]
  1643 | D:3      | Incinerated by a bombardier beetle

Vanquished Creatures
  A bombardier beetle (D:3)
  2 adders
  A dart slug (D:1)
  A ribbon worm (D:3)
  An orc (D:3)
  8 ball pythons
  4 endoplasms
  A giant cockroach (D:2)
  2 goblins
  6 hobgoblins
  3 jackals (D:1)
  2 quokkas (D:2)
  2 bats (D:1)
  A frilled lizard (D:3)
  2 kobolds
  8 rats
45 creatures vanquished.

Vanquished Creatures (collateral kills)
  A rat (D:1)
1 creature vanquished.

Grand Total: 46 creatures vanquished

Table legend: (Time is in decaauts)
 A = Elapsed time spent in this place.
 B = Non-inter-level travel time spent in this place.
 C = Inter-level travel time spent in this place.
 D = Time resting spent in this place.
 E = Time spent auto-exploring this place.
 F = Levels seen in this place.
 G = Mean time per level.
                   A        B        C        D        E       F      G
               +--------+--------+--------+--------+--------+-----+--------+
         Total |   1644 |   1624 |     20 |      0 |   1363 |   3 |  548.0 |
       Dungeon |   1644 |   1624 |     20 |      0 |   1363 |   3 |  548.0 |
               +--------+--------+--------+--------+--------+-----+--------+

Top non-repeatable levels by time:
     D:1: 977 daAuts
     D:2: 506 daAuts
     D:3: 160 daAuts

Table legend:
 A = Non-vault XP
 B = Vault XP
 C = Vault XP percentage of total XP
 D = Non-vault monster count
 E = Vault monster count
 F = Vault count percentage of total count
                 A         B        C        D         E       F
            +---------+---------+-------+---------+---------+-------
      Total |     143 |       0 |   0.0 |      46 |       0 |   0.0
            +---------+---------+-------+---------+---------+-------
        D:1 |      38 |       0 |   0.0 |      23 |       0 |   0.0
        D:2 |      38 |       0 |   0.0 |      15 |       0 |   0.0
        D:3 |      67 |       0 |   0.0 |       8 |       0 |   0.0
            +---------+---------+-------+---------+---------+-------
